 Dungeon Crawl Stone Soup version 0.30.1-9-gdf580d7c3d (webtiles) character file.

Game seed: 4802215904902916787

55852 safid the Gelid (level 14, -3/123 HPs)
             Began as a Merfolk Ice Elementalist on Oct 6, 2023.
             Was a High Priest of Vehumet.
             Slain by a lorocyproca (31 damage)
             ... on level 1 of the Abyss on Oct 11, 2023.
             The game lasted 00:50:27 (20087 turns).

safid the Gelid (Merfolk Ice Elementalist)         Turns: 20087, Time: 00:50:28

Health: -3/123     AC: 18    Str:  8    XL:     14   Next: 79%
Magic:  0/26       EV: 16    Int: 25    God:    Vehumet [*****.]
Gold:   955        SH:  0    Dex: 15    Spells: 9/29 levels left

rFire   + . .        T - +7 quarterstaff "Gauhuon" {venom, Contam rF+ rC+++}
rCold   + + +        (shield currently unavailable)
rNeg    . . .        A - +2 robe {Archmagi}
rPois   .            t - +2 helmet
rElec   .            g - +1 cloak
rCorr   .            O - +1 pair of gloves
SInv    .            N - +2 pair of boots
Will    +....        Q - amulet of regeneration
Stlth   ++           i - +4 ring of protection
HPRegen 1.20/turn    s - +6 ring of intelligence
MPRegen 0.20/turn

%: archmagi
@: freezing walls
A: (nimble swimmer 2), mertail
a: Renounce Religion


You were on level 1 of the Abyss.
You worshipped Vehumet.
Vehumet was extremely pleased with you.
You visited 4 branches of the dungeon, and saw 18 of its levels.
You visited the Abyss 1 time.

You collected 1355 gold pieces.
You spent 400 gold pieces at shops.

Inventory:

Hand Weapons
 T - the +7 quarterstaff "Gauhuon" (weapon) {venom, Contam rF+ rC+++}
   (You found it on level 5 of the Lair of Beasts)

   rF:        It protects you from fire.
   rC:        It renders you almost immune to cold.
   Contam:    It causes magical contamination when unequipped.
Missiles
 B - a curare-tipped dart
 I - 2 throwing nets
Armour
 g - a +1 cloak (worn)
 t - a +2 helmet (worn)
 x - a +2 kite shield of protection
 A - a +2 robe of the Archmagi (worn)
 N - a +2 pair of boots (worn)
 O - a +1 pair of gloves (worn)
Jewellery
 i - a +4 ring of protection (left hand)
 n - a ring of flight
 s - a +6 ring of intelligence (right hand)
 M - a ring of fire
 P - a ring of ice
 Q - an amulet of regeneration (around neck)
Wands
 a - a wand of roots (7)
 q - a wand of flame (19)
 G - a wand of paralysis (16)
 J - a wand of acid (11)
 L - a wand of polymorph (4)
Scrolls
 c - 2 scrolls of fear
 d - a scroll of acquirement
 j - a scroll of brand weapon {unknown}
 k - a scroll of silence {unknown}
 p - 2 scrolls of blinking
 r - 2 scrolls of fog
 u - a scroll of amnesia {unknown}
 y - 8 scrolls of teleportation
 z - a scroll of enchant weapon {unknown}
 D - 3 scrolls of summoning
 F - a scroll of torment {unknown}
Potions
 b - 2 potions of magic
 e - a potion of lignification {unknown}
 f - 3 potions of brilliance
 l - 4 potions of mutation
 m - 2 potions of cancellation
 o - 3 potions of curing
 v - 2 potions of flight
 w - 3 potions of ambrosia
 C - 2 potions of invisibility
 H - 2 potions of heal wounds
Miscellaneous
 h - a tin of tremorstones (2/2)
 K - a phial of floods
 R - a lightning rod (4/4)


   Skills:
 + Level 15.3 Fighting
 - Level 8.0 Dodging
 - Level 2.1 Stealth
 + Level 6.5 Shields
 - Level 8.0 Spellcasting
 - Level 6.0 Conjurations
 - Level 10.0 Transmutations
 + Level 15.9 Ice Magic
 - Level 2.0 Air Magic


You had 9 spell levels left.
You knew the following spells:

 Your Spells              Type           Power      Damage    Failure   Level
a - Irradiate             Conj/Tmut      33%        3d22      1%          5
b - Frozen Ramparts       Ice            100%       1d16      1%          3
c - Ozocubu's Armour      Ice            94%        N/A       1%          3
d - Hailstorm             Conj/Ice       78%        3d16      1%          3
e - Freezing Cloud        Conj/Ice/Air   33%        6-21      1%          5
f - Freeze                Ice            100%       1d10      0%          1

Your spell library contained the following spells:

 Spells                   Type           Power      Damage    Failure   Level
 Arcjolt                  Conj/Air       22%        1d32      9%          5
 Kiss of Death            Conj/Necr      100%       2d13      1%          1
 Poisonous Vapours        Pois/Air       44%        N/A       1%          2
 Static Discharge         Conj/Air       90%        2-6/arc   1%          2
 Mephitic Cloud           Conj/Pois/Air  34%        N/A       1%          3
 Ice Form                 Ice/Tmut       84%        N/A       1%          4
 Summon Ice Beast         Ice/Summ       66%        N/A       2%          4
 Blade Hands              Tmut           37%        N/A       2%          5
 Airstrike                Air            15%        2d(3-19)  7%          4
 Confusing Touch          Hex            15%        N/A       19%         3
 Simulacrum               Ice/Necr       33%        N/A       34%         6
 Summon Lightning Spire   Summ/Air       22%        N/A       36%         4
 Animate Dead             Necr           15%        N/A       52%         4
 Dispel Undead            Necr           15%        3d10      52%         4
 Dragon Form              Tmut           37%        N/A       63%         7
 Borgnjor's Vile Clutch   Necr/Erth      7%         N/A       86%         5
 Death Channel            Necr           7%         N/A       100%        6
 Borgnjor's Revivificati  Necr           7%         N/A       100%        8
 Necromutation            Tmut/Necr      25%        N/A       100%        8
 Death's Door             Necr           7%         N/A       100%        9


Dungeon Overview and Level Annotations

Branches:
Dungeon (11/15)            Temple (1/1) D:5            Lair (5/5) D:11
 Shoals (0/4) Lair:2        Snake (0/4) Lair:3        Slime (0/5) Lair:5
    Orc (1/2) D:10

Altars:
Ashenzari
Cheibriados
Dithmenos
Elyvilon
Fedhas
Gozag
Hepliaklqana
Kikubaaqudgha
Makhleb
Nemelex Xobeh
Okawaru
Qazlal
Ru
Sif Muna
Trog
Uskayaw
Vehumet
Wu Jian
Xom
Yredelemnul
Zin
The Shining One

Shops:
D:8 *

Annotations:
D:9 4 runed translucent doors
D:11 exclusions: 2 ice statues and orange crystal statue
Orc:1 Erolcha


Innate Abilities, Weirdness & Mutations

((You are very nimble when in or above water. (Stealth+, EV+, Speed+++)))
Your lower body shifts to a powerful aquatic tail in water.


Message History

You feel a bit more experienced.
The frozen ramparts melt away as you move.
Items here: ))))) [[[[[.
You hear a chilling moan.
Found a gateway leading deeper into the Abyss.
Deactivating autopickup; reactivate with Ctrl-A.
You thump something! Something closely misses you. Something hits you!
You feel your power leaking away.
You completely miss something. Something hits you!!
You feel your power leaking away.
Casting: Frozen Ramparts (safe; 1% risk of failure)
Confirm with . or Enter, or press ? or * to list all spells.
Casting: Frozen Ramparts (safe; 1% risk of failure)
Press: ? - help, Dir - look around, f - activate You feel a surge of power!
The walls around you are covered in ice.
A rakshasa comes into view. It is wielding a +0 whip.
The wall freezes something.
Something hits you.
You feel your power leaking away.
You hit something but do no damage.
The wall freezes something.
Something hits you but does no damage.
You hit something but do no damage.
The wall freezes something.
Something completely misses you.
The rakshasa weaves an illusion.
The wall freezes something.
You miss something.
The wall freezes something.
Something barely misses you.
The wall freezes something but does no damage.
Something hits you!!
You feel your power leaking away.
The wall freezes something but does no damage.
Something closely misses you.
You barely miss something.
The wall freezes something.
Something hits you!!
The wall freezes something but does no damage.
Something hits you!
* * * LOW HITPOINT WARNING * * *
Unknown command.
You feel much better.
The wall freezes something.
Something hits you!!
* * * LOW HITPOINT WARNING * * *
The wall freezes something.
Something hits you!!
You die...

#. #...♣~~###.#.### .
..#.#.≈~~..~##..∩.##.
..##~~~~♣~.. ..
....... .#~≈≈~~~
.....# .
~~≈~~~####..#..
..#... ~ ~~
~~..#....#. ...#.#.
~~~
#.........#........
~~~≈.#....#..# .#. .
# #.R.@#.#...#.##.#.
. #...{#.#.. ....
#.... ...#...#.# .#.#
##.. . .##....###.#.#
. >.#.#. ..#.##. . #.
#.#. #.##. ## . . ..
. .. ##


You could see a rakshasa.

Vanquished Creatures
  Gastronok (Lair:1)
  Fannar (D:11)
  6 hydras
  2 catoblepae
  A boulder beetle (D:11)
  5 two-headed ogres
  A thrashing horror (Abyss:1)
  A skyshark (Lair:4)
  2 harpies (Lair:2)
  An ugly thing (D:9)
  11 black mambas
  Joseph (Lair:1)
  9 elephants
  Maggie (D:8)
  16 cane toads
  2 unseen horrors
  A kobold demonologist (D:9)
  6 komodo dragons
  5 rime drakes
  2 trolls
  4 tyrant leeches (Lair:5)
  A hornet (D:11)
  32 blink frogs
  7 dream sheep (Lair:1)
  3 shadows
  A vampire (D:9)
  A wraith (D:10)
  9 wyverns
  62 yaks
  2 steam dragons
  3 basilisks
  8 vampire mosquitoes
  An acid dragon (D:9)
  19 water moccasins
  Duvessa (D:7)
  2 sky beasts
  6 orc warriors
  3 centaurs
  An ogre (D:5)
  2 kobold brigands
  13 bullfrogs
  A gnoll sergeant (D:9)
  2 scorpions
  15 wights
  Dowan (D:7)
  6 killer bees (D:7)
  5 howler monkeys
  2 electric eels
  6 hounds
  4 jellies
  5 orc priests
  4 iguanas
  2 gnoll boudas (D:9)
  Jessica (D:3)
  A sleepcap (D:6)
  9 orc wizards
  Natasha (thrice) (D:3)
  2 small abominations (Abyss:1)
  Robin (D:3)
  11 gnolls
  3 adders
  A shadow imp (D:5)
  2 white imps
  An ufetubus (D:6)
  5 worms
  4 dart slugs
  33 orcs
  4 ball pythons
  6 endoplasms
  3 giant cockroaches
  10 goblins
  11 hobgoblins
  7 quokkas
  3 bats
  4 frilled lizards
  15 kobolds
  5 rats
454 creatures vanquished.

Notes
Turn   | Place    | Note
-------+----------+-------------------------------------------
     0 | D:1      | safid the Merfolk Ice Elementalist began the quest for the
                  | Orb.
     0 | D:1      | Reached XP level 1. HP: 13/13 MP: 3/3
   154 | D:1      | Reached XP level 2. HP: 18/20 MP: 5/5
   172 | D:1      | Reached skill level 1 in Fighting
   821 | D:1      | Reached XP level 3. HP: 23/26 MP: 6/6
   888 | D:1      | You fall into a shaft and drop 1 floor!
  1231 | D:2      | HP: 1/27 [quokka (1)]
  1469 | D:2      | Learned a level 3 spell: Frozen Ramparts
  1473 | D:2      | Learned a level 3 spell: Ozocubu's Armour
  1625 | D:2      | Reached XP level 4. HP: 33/33 MP: 5/8
  1700 | D:2      | Reached skill level 5 in Ice Magic
  2120 | D:3      | Noticed Natasha
  2125 | D:3      | Killed Natasha
  2172 | D:3      | Found a sparkling altar of Nemelex Xobeh.
  2199 | D:3      | Noticed Natasha
  2210 | D:3      | Killed Natasha
  2211 | D:3      | Reached XP level 5. HP: 16/39 MP: 0/9
  2345 | D:3      | Learned a level 3 spell: Hailstorm
  2651 | D:3      | Noticed Jessica
  2659 | D:3      | Noticed Natasha
  2660 | D:3      | Killed Jessica
  2662 | D:3      | Killed Natasha
  2753 | D:3      | Noticed Robin
  2765 | D:3      | Killed Robin
  3153 | D:4      | Reached XP level 6. HP: 43/47 MP: 7/11
  3235 | D:4      | Found a bloodstained altar of Trog.
  3635 | D:4      | Reached XP level 7. HP: 52/54 MP: 6/13
  4391 | D:5      | Entered Level 5 of the Dungeon
  4398 | D:5      | Found a basalt altar of Yredelemnul.
  4615 | D:5      | Noticed a +0 dagger
  4616 | D:5      | Noticed a +0 spear
  4617 | D:5      | Noticed a +0 short sword
  4617 | D:5      | Noticed a +0 dagger
  4617 | D:5      | Noticed a +0 falchion
  4618 | D:5      | Noticed a +0 spear
  4618 | D:5      | Noticed a +0 short sword
  4619 | D:5      | Noticed a +0 falchion
  4795 | D:5      | Found a hide-covered altar of Uskayaw.
  4954 | D:5      | Found a staircase to the Ecumenical Temple.
  4960 | Temple   | Entered the Ecumenical Temple
  4966 | Temple   | Became a worshipper of Vehumet
  5002 | D:5      | Reached skill level 5 in Fighting
  5103 | D:5      | Reached skill level 5 in Spellcasting
  5103 | D:5      | Reached XP level 8. HP: 62/62 MP: 8/15
  6237 | D:6      | Found a blossoming altar of Fedhas.
  7098 | D:7      | Reached * piety under Vehumet
  7098 | D:7      | Offered knowledge of Sandblast by Vehumet.
  7272 | D:7      | Reached XP level 9. HP: 68/71 MP: 13/18
  7622 | D:7      | Noticed Dowan
  7628 | D:7      | Noticed Duvessa
  7637 | D:7      | Killed Duvessa
  7638 | D:7      | Killed Dowan
  8241 | D:8      | Learned a level 5 spell: Freezing Cloud
  8304 | D:8      | Found Famemiskuwu's Changing Room.
  8427 | D:8      | Bought a book of Transfigurations for 400 gold pieces
  8433 | D:8      | Learned a level 5 spell: Irradiate
  8461 | D:8      | Noticed Maggie
  8485 | D:8      | Killed Maggie
  8486 | D:8      | Reached skill level 1 in Transmutations
  8486 | D:8      | Reached skill level 1 in Air Magic
  8621 | D:8      | Reached skill level 1 in Conjurations
  8815 | D:8      | Reached XP level 10. HP: 79/80 MP: 16/20
  8938 | D:8      | Found a shimmering altar of Xom.
  8996 | D:8      | Found a sacrificial altar of Ru.
  9221 | D:9      | Offered knowledge of Scorch by Vehumet.
  9222 | D:9      | Reached ** piety under Vehumet
  9975 | D:9      | Noticed a two-headed ogre
  9979 | D:8      | Found a stormy altar of Qazlal.
  9979 | D:8      | Found a broken altar of Ashenzari.
 10028 | D:9      | Killed a two-headed ogre
 10198 | D:9      | Found a large runed translucent door.
 10198 | D:9      | Found a large runed translucent door.
 10202 | D:9      | Noticed a green ugly thing
 10203 | D:9      | Noticed a cyclops
 10212 | D:9      | Found a large runed translucent door.
 10212 | D:9      | Found a large runed translucent door.
 10275 | D:9      | Noticed a kobold demonologist
 10279 | D:9      | Killed a kobold demonologist
 10280 | D:9      | Reached skill level 5 in Dodging
 10305 | D:9      | Noticed a red ugly thing
 10312 | D:9      | Killed a red ugly thing
 10493 | D:9      | Reached skill level 5 in Transmutations
 10493 | D:9      | Reached skill level 10 in Ice Magic
 10511 | D:9      | Noticed an eight-headed hydra
 10518 | D:9      | Killed an eight-headed hydra
 10519 | D:9      | Reached XP level 11. HP: 27/89 MP: 16/22
 10871 | D:10     | Entered Level 10 of the Dungeon
 10975 | D:10     | Found a staircase to the Orcish Mines.
 10998 | D:10     | Noticed a two-headed ogre
 11006 | D:10     | Killed a two-headed ogre
 11380 | D:10     | Found a glowing silver altar of Zin.
 11887 | D:11     | Offered knowledge of Volatile Blastmotes by Vehumet.
 11915 | D:11     | Paralysed by a hornet for 1 turns
 11959 | D:11     | Noticed a two-headed ogre
 11974 | D:11     | Noticed a two-headed ogre
 11979 | D:11     | Killed a two-headed ogre
 11986 | D:11     | Noticed a two-headed ogre
 11988 | D:11     | Reached *** piety under Vehumet
 11992 | D:11     | Killed a two-headed ogre
 11993 | D:11     | Reached skill level 10 in Fighting
 12036 | D:11     | Noticed a boulder beetle
 12046 | D:11     | Killed a boulder beetle
 12049 | D:11     | Killed a two-headed ogre
 12050 | D:11     | Reached XP level 12. HP: 42/97 MP: 17/24
 12056 | D:11     | Reached skill level 5 in Conjurations
 12056 | D:11     | Offered knowledge of Ignite Poison by Vehumet.
 12316 | D:11     | Found a staircase to the Lair.
 12496 | D:11     | Found a glowing golden altar of the Shining One.
 12550 | D:11     | Noticed Fannar
 12564 | D:11     | Killed Fannar
 12674 | D:11     | Found a shimmering altar of Xom.
 13044 | Lair:1   | Entered Level 1 of the Lair of Beasts
 13227 | Lair:1   | Noticed Joseph
 13248 | Lair:1   | Killed Joseph
 14029 | Lair:1   | Noticed Gastronok
 14054 | Lair:1   | Killed Gastronok
 14855 | Lair:2   | Reached **** piety under Vehumet
 15037 | Lair:2   | Found a staircase to the Shoals.
 15045 | Lair:2   | Offered knowledge of Dazzling Flash by Vehumet.
 15046 | Lair:2   | Reached XP level 13. HP: 84/108 MP: 21/25
 15052 | Lair:2   | Reached skill level 10 in Transmutations
 16258 | Lair:3   | Found a staircase to the Snake Pit.
 17509 | Lair:4   | Reached skill level 1 in Shields
 17655 | Lair:4   | Reached ***** piety under Vehumet
 17698 | Lair:4   | Offered knowledge of Starburst by Vehumet.
 17918 | Lair:4   | Identified a scroll of acquirement
 18075 | Lair:4   | Reached XP level 14. HP: 100/120 MP: 26/26
 18322 | Lair:5   | Entered Level 5 of the Lair of Beasts
 18350 | Lair:5   | Reached skill level 15 in Ice Magic
 18369 | Lair:5   | Found a staircase to the Slime Pits.
 18668 | Lair:5   | Offered knowledge of Conjure Ball Lightning by Vehumet.
 18932 | Lair:5   | Reached skill level 5 in Shields
 19114 | Lair:5   | Reached skill level 15 in Fighting
 19263 | Lair:5   | Identified the +7 quarterstaff "Gauhuon" {venom, Contam rF+
                  | rC+++}
 19948 | Orc:1    | Entered Level 1 of the Orcish Mines
 19984 | Orc:1    | Noticed Erolcha
 19989 | Abyss:1  | Cast into level 1 of the Abyss (Erolcha)
 19992 | Abyss:1  | Found a corrupted altar of Lugonu.
 19997 | Abyss:1  | Found a corrupted altar of Lugonu.
 20066 | Abyss:1  | Offered knowledge of Arcjolt by Vehumet.
 20073 | Abyss:1  | Found a corrupted altar of Lugonu.
 20087 | Abyss:1  | Slain by a lorocyproca

Illustrated notes

Levels and vault maps discovered:
D:1:      dpeg_arrival_rooms_c, layout_basic, minmay_misc_feat_rugged,
          st_stairs_4, hangedman_decor_clover_reticule
D:2:      layout_rooms, minmay_ruptured
D:3:      layout_loops_ring, mainiacjoe_overflow_six_doors_small,
          minmay_misc_feat_tower, uniq_natasha, uniq_robin, uniq_jessica
D:4:      layout_basic, amcnicky_altar_gilded
D:5:      layout_gridville, nicolae_uskayaw_en_pointe,
          mainiacjoe_overflow_alcove_4, minmay_temple_entry_purple_smoke,
          minmay_misc_feat_enclosed, hex_medium, minmay_pentangle
D:6:      layout_layer_cave, mainiacjoe_overflow_small_starburst,
          nicolae_concentric_dashed_squares_mild
D:7:      layout_cave_pods, uniq_duvessa
D:8:      layout_basic, nicolae_overflow_hidden_temple,
          nicolae_transmutations_shop, glass_columns_a, uniq_maggie
D:9:      layout_cave_pools, minmay_hollow_rounded_squares
D:10:     layout_loops_ring, mainiacjoe_overflow_boulevard, orc_0_dummy,
          serial_rivers, chequers_serial_rivers_micro_e,
          chequers_serial_rivers_marsh, chequers_serial_rivers_micro_c,
          chequers_serial_rivers_micro_c, chequers_serial_rivers_micro_d,
          minmay_misc_feat_cross, kennysheep_generic_room_14
D:11:     layout_cave_pools, minmay_lair_entry_grove, hangedman_feature_mirror,
          minivault_16, david_greed, uniq_fannar
Temple:   nicolae_temple_no_exploring_needed
Lair:1:   layout_layer_cave, uniq_gastronok, uniq_joseph
Lair:2:   layout_gridlike, nicolae_shoals_entry_roost
Lair:3:   layout_long_grid, minmay_snake_entry_six_corridors
Lair:4:   layout_gridlike, beast_lair_carwin_9
Lair:5:   minmay_lair_end_frog_pond, layout_regular_city, slime_entry_1
Orc:1:    layout_caves, kennysheep_orc_sif_temple, uniq_erolcha, uniq_erica
Abyss:1:  base: D:11, spicy_abyss_helpful_harpoons

Skill      XL: |  1  2  3  4  5  6  7  8  9 10 11 12 13 14 |
---------------+-------------------------------------------+-----
Fighting       | 1 2 3 4 5 6 8 9 10 12 14 15 | 15.3
Ice Magic      | 5 6 7 8 9 10 11 12 14 15 | 15.9
Spellcasting   | 3 4 5 6 7 8 |  8.0
Dodging        | 3 6 8 |  8.0
Transmutations | 2 5 7 9 10 | 10.0
Air Magic      | 1 2 |  2.0
Conjurations   | 1 3 4 6 |  6.0
Shields        | 3 6 |  6.5
Stealth        | |  2.1

Action                     |  1- 3 |  4- 6 |  7- 9 | 10-12 | 13-15 || total
---------------------------+-------+-------+-------+-------+-------++-------
  Melee: Dagger            |   148 |    89 |    40 |       |       ||   277
         Punch             |     2 |     1 |       |       |       ||     3
         War axe           |       |       |    30 |       |       ||    30
         Halberd           |       |       |    64 |   274 |   289 ||   627
         Tailslap          |       |       |       |       |     3 ||     3
         Quarterstaff      |       |       |       |       |    67 ||    67
   Cast: Freeze            |    43 |    28 |     7 |    22 |     2 ||   102
         Frozen Ramparts   |       |    13 |    43 |    66 |    80 ||   202
         Ozocubu's Armour  |       |     8 |    31 |    45 |    40 ||   124
         Irradiate         |       |       |       |     7 |     9 ||    16
         Hailstorm         |       |       |       |     5 |     6 ||    11
         Freezing Cloud    |       |       |       |       |    24 ||    24
    Use: Scroll            |       |       |     9 |     3 |    13 ||    25
         Potion            |       |       |       |     6 |     2 ||     8
   Stab: Sleeping          |     1 |       |     1 |     2 |       ||     4
         Distracted        |       |       |       |       |     1 ||     1
 Armour: Robe              |    33 |    27 |    50 |   177 |   220 ||   507
  Dodge: Dodged            |    89 |    46 |   100 |   245 |   366 ||   846
  Block: Other             |    23 |    20 |    25 |    98 |    29 ||   195
         Reflection        |       |       |       |     2 |       ||     2
